[Event "Titled Tuesday Blitz October 31 Early 2023"]
[White "gpsji27"]
[Black "Arias, Juan Cruz"]
[BlackFideId "118540"]
[WhiteElo "2291"]
[BlackElo "2630"]
[Result "0-1"]
[Round "1"]
[TimeControl "180+1"]
[Date "2023.10.31"]
[WhiteClock "0:00:52"]
[BlackClock "0:01:06"]
[Board "138"]

1. d4 d5 2. Nc3 e6 3. e4 dxe4 4. Nxe4 Bd7 5. Nf3 Bc6 6. Bd3 Nd7 7. c3 Ngf6 8. Bg5 Be7 9. Nxf6+ Bxf6 10. Bxf6 Qxf6 11. Be2 O-O 12. O-O Rad8 13. Qc2 e5 14. dxe5 Nxe5 15. Nxe5 Qxe5 16. Rad1 g6 17. Rfe1 Rxd1 18. Rxd1 Re8 19. Bf1 h5 20. h3 Kg7 21. Qd2 a5 22. b3 Re7 23. Qd8 Re8 24. Qd3 Re6 25. Qc4 Rf6 26. Qd4 Qxd4 27. Rxd4 Re6 28. Bc4 Re1+ 29. Kh2 Rc1 30. Bd5 Rxc3 31. Bxc6 Rxc6 32. Rd5 b6 33. Rd7 Rc2 34. f3 h4 35. Rxc7 Rxc7 0-1


[Site "https://www.chess.com"]

[Event "Titled Tuesday Blitz October 31 Early 2023"]
[White "Chinguun, Sumiya"]
[Black "Skuhala, Barbara"]
[WhiteFideId "4902572"]
[BlackFideId "14605465"]
[WhiteElo "2626"]
[BlackElo "2289"]
[Result "1-0"]
[Round "1"]
[TimeControl "180+1"]
[Date "2023.10.31"]
[WhiteClock "0:01:25"]
[BlackClock "0:00:25"]
[Board "139"]

1. e4 c6 2. c4 e6 3. d4 d5 4. Nc3 Nf6 5. e5 Nfd7 6. cxd5 cxd5 7. f4 a6 8. Nf3 Qb6 9. Bd3 Nc6 10. Be3 g6 11. O-O Bg7 12. a3 O-O 13. b4 Qc7 14. Rc1 b5 15. Qe1 Nb6 16. Qh4 Nc4 17. Bxc4 dxc4 18. Ne4 h5 19. Nf6+ Bxf6 20. exf6 e5 21. fxe5 Rd8 22. Qg5 Kf8 23. Qh6+ Ke8 24. Rcd1 Bg4 25. d5 Nxe5 26. Nxe5 Qxe5 27. Bf4 Qc3 28. Rde1+ Kd7 29. Re7+ Kc8 30. Rc7+ Kb8 31. Rxc4+ 1-0


[Site "https://www.chess.com"]

[Event "Titled Tuesday Blitz October 31 Early 2023"]
[White "Cardozo Munar, Carlos Eduardo"]
[Black "Bayramov, Zaur"]
[WhiteFideId "4409477"]
[BlackFideId "13405080"]
[WhiteElo "2286"]
[BlackElo "2625"]
[Result "0-1"]
[Round "1"]
[TimeControl "180+1"]
[Date "2023.10.31"]
[WhiteClock "0:02:16"]
[BlackClock "0:02:06"]
[Board "140"]

1. e4 c5 2. Nf3 e6 3. Nc3 a6 4. a4 Nc6 5. Bc4 Nf6 6. h3 d5 7. exd5 exd5 8. Be2 d4 9. Nb1 Bd6 10. d3 O-O 11. Bg5 h6 12. Bh4 g5 13. Bg3 Bxg3 14. fxg3 Qd6 15. O-O Qxg3 16. Nbd2 Bxh3 17. Rf2 Ng4 18. Qf1 Ne3 19. Qe1 Bxg2 20. Nf1 Bxf1+ 21. Kh1 Bg2+ 22. Rxg2 Qxg2# 0-1


[Site "https://www.chess.com"]

[Event "Titled Tuesday Blitz October 31 Early 2023"]
[White "Jain Kashish Manoj"]
[Black "Malikova777"]
[WhiteFideId "35081098"]
[WhiteElo "2624"]
[BlackElo "2281"]
[Result "1-0"]
[Round "1"]
[TimeControl "180+1"]
[Date "2023.10.31"]
[WhiteClock "0:00:07"]
[BlackClock "0:00:00"]
[Board "141"]

1. e4 c6 2. d4 d5 3. e5 c5 4. dxc5 e6 5. a3 Bxc5 6. Qg4 Ne7 7. Bd3 Ng6 8. Nf3 Nc6 9. O-O O-O 10. Qg3 Qb6 11. Nc3 Bd4 12. Na4 Qc7 13. Nxd4 Nxd4 14. Be3 Nc6 15. f4 d4 16. Bd2 b6 17. Rae1 Bb7 18. b3 Rad8 19. Nb2 Nce7 20. Nc4 Nc8 21. a4 a6 22. h4 b5 23. axb5 axb5 24. Na3 Na7 25. Bb4 Rfe8 26. Nxb5 Qb6 27. Nxa7 Qxa7 28. Bd6 Ne7 29. Qg4 Nf5 30. Bxf5 exf5 31. Qxf5 d3+ 32. Kh2 dxc2 33. Qxc2 Qa5 34. Qf2 Qd5 35. b4 f6 36. Rd1 Qe4 37. Rfe1 Qg6 38. Re3 Qg4 39. Rde1 f5 40. Qg3 Qh5 41. Qg5 Qf7 42. Rg3 Re6 43. h5 Rd7 44. Kg1 Be4 45. Ra1 h6 46. Qh4 Kh7 47. Rc1 Rexd6 48. exd6 Rxd6 49. Re3 Qa7 50. Qf2 Qf7 51. Rce1 Qxh5 52. Rxe4 fxe4 53. Rxe4 Rd1+ 54. Re1 Rxe1+ 55. Qxe1 Qg4 56. b5 Qxf4 57. Qb1+ Kh8 58. Qb3 Qc1+ 59. Kf2 Qc5+ 60. Kf3 Qf5+ 61. Ke3 Qe5+ 62. Kd3 Qg3+ 63. Kc4 Qxg2 64. b6 Qf1+ 65. Kc5 Qc1+ 66. Kd6 Qd2+ 67. Qd5 Qb4+ 68. Kc6 Qc3+ 69. Qc5 Qf3+ 70. Kc7 Qf4+ 71. Kc8 Qg4+ 72. Kb8 Qf4+ 73. Qc7 Qb4 74. b7 Kh7 75. Qc2+ Kh8 76. Qf5 Qd6+ 77. Ka7 Qa3+ 78. Kb6 Qb4+ 79. Qb5 Qd4+ 80. Kc6 Qe4+ 81. Kc5 Qe5+ 82. Kb4 Qe4+ 83. Ka5 Qe1+ 84. Qb4 Qe5+ 85. Kb6 Qd6+ 86. Qxd6 h5 87. b8=Q+ Kh7 88. Qd3+ 1-0


[Site "https://www.chess.com"]

[Event "Titled Tuesday Blitz October 31 Early 2023"]
[White "Guzman Moneo, Alberto"]
[Black "Sourath Biswas"]
[WhiteFideId "2209616"]
[BlackFideId "35091484"]
[WhiteElo "2278"]
[BlackElo "2624"]
[Result "1-0"]
[Round "1"]
[TimeControl "180+1"]
[Date "2023.10.31"]
[WhiteClock "0:00:18"]
[BlackClock "0:00:01"]
[Board "142"]

1. e4 c6 2. Nf3 d5 3. d3 g6 4. e5 Bg7 5. d4 Bf5 6. c4 Nh6 7. Nc3 Bg4 8. Qb3 dxc4 9. Qxb7 Nd7 10. Bxc4 O-O 11. Be3 Rb8 12. Qxa7 Rxb2 13. O-O Nf5 14. Qa3 Rb8 15. Ne4 Nb6 16. Bb3 Bxf3 17. gxf3 Nxd4 18. Rad1 Nxf3+ 19. Kg2 Nh4+ 20. Kh3 Qc8+ 21. Kxh4 Qf5 22. Ng3 Qxe5 23. Qc5 Nd5 24. Bxd5 cxd5 25. Qxd5 Qb2 26. Rb1 Qe2 27. Rxb8 1-0


[Site "https://www.chess.com"]

[Event "Titled Tuesday Blitz October 31 Early 2023"]
[White "Kashefi, Amir Hosein"]
[Black "Nekoo04"]
[WhiteFideId "12557935"]
[WhiteElo "2621"]
[BlackElo "2277"]
[Result "1-0"]
[Round "1"]
[TimeControl "180+1"]
[Date "2023.10.31"]
[WhiteClock "0:00:15"]
[BlackClock "0:00:21"]
[Board "143"]

1. d4 d5 2. c4 e6 3. cxd5 exd5 4. Nc3 c6 5. Qc2 Nf6 6. Bg5 Be7 7. e3 Nbd7 8. Bd3 h6 9. Bf4 Nh5 10. Nge2 Nxf4 11. Nxf4 Bd6 12. Nfe2 Nf6 13. h3 Qe7 14. Rc1 O-O 15. O-O Re8 16. a3 a5 17. Na4 Ne4 18. Nb6 Rb8 19. Nxc8 Rbxc8 20. Bxe4 dxe4 21. Nc3 Qh4 22. Rfd1 Re6 23. d5 cxd5 24. Rxd5 Rg6 25. Kf1 Rc6 26. Rcd1 Be7 27. Qxe4 Rxc3 28. Qxh4 Bxh4 29. bxc3 Rc6 30. Rxa5 Rxc3 31. Rd2 Bf6 32. Ke2 Kh7 33. Ra7 Rb3 34. Rd7 Rb2+ 35. Kf3 Bc3 36. Rxf7 Be1 37. Kg3 Kg6 38. Raxb7 Bxf2+ 39. Kf3 Ra2 40. Rxg7+ Kh5 41. Rb5+ 1-0


[Site "https://www.chess.com"]

[Event "Titled Tuesday Blitz October 31 Early 2023"]
[White "Sarkar, Justin"]
[Black "Principe, Gerson"]
[WhiteFideId "2010011"]
[BlackFideId "3804550"]
[WhiteElo "2274"]
[BlackElo "2616"]
[Result "0-1"]
[Round "1"]
[TimeControl "180+1"]
[Date "2023.10.31"]
[WhiteClock "0:00:00"]
[BlackClock "0:01:34"]
[Board "144"]

1. d4 Nf6 2. Bg5 Ne4 3. Bh4 d5 4. Nf3 c5 5. e3 Nc6 6. Nbd2 Nxd2 7. Qxd2 cxd4 8. exd4 Qb6 9. c3 Bf5 10. Be2 e6 11. O-O Bd6 12. Bg3 Bxg3 13. hxg3 O-O 14. Nh4 Bg6 15. Nxg6 hxg6 16. Kh2 f6 17. Rh1 Kf7 18. Kg1 Rh8 19. Rxh8 Rxh8 20. Bd3 Qd8 21. Re1 Qd6 22. Qf4 Qxf4 23. gxf4 Rb8 24. a4 Ne7 25. g3 Rc8 26. Kg2 Rc7 27. Rh1 Rc8 28. Rh7 a6 29. Kf3 f5 30. Ke3 Nc6 31. Kd2 Nb8 32. Rh1 Nd7 33. Rh4 Nb6 34. b3 Nd7 35. Rh1 Nf6 36. Rh4 Kg8 37. Rh1 Rc6 38. Rh4 Rb6 39. Kc2 Ng4 40. f3 Nf6 41. Rh1 Ne8 42. Rh2 Rc6 0-1


[Site "https://www.chess.com"]

[Event "Titled Tuesday Blitz October 31 Early 2023"]
[White "Ezat, Mohamed"]
[Black "Morrison, Graham"]
[WhiteFideId "10600906"]
[BlackFideId "2400090"]
[WhiteElo "2616"]
[BlackElo "2273"]
[Result "0-1"]
[Round "1"]
[TimeControl "180+1"]
[Date "2023.10.31"]
[WhiteClock "0:00:02"]
[BlackClock "0:00:16"]
[Board "145"]

1. d4 Nf6 2. c4 e6 3. Nc3 Bb4 4. Bg5 c5 5. d5 d6 6. Qc2 exd5 7. cxd5 Nbd7 8. e3 Qa5 9. Ne2 O-O 10. Nf4 h6 11. Bxf6 Nxf6 12. h4 Bf5 13. Bd3 Bxd3 14. Qxd3 Rfe8 15. O-O Bxc3 16. bxc3 b5 17. a4 a6 18. axb5 Qxb5 19. c4 Qd7 20. Rfb1 Qg4 21. Rb6 Qxh4 22. Rxd6 Ne4 23. g3 Nxg3 24. fxg3 Qxg3+ 25. Ng2 Qxd6 26. e4 a5 27. Ne3 Qe5 28. Nf5 Qxa1+ 29. Kg2 a4 30. d6 a3 31. d7 Red8 32. Qd5 a2 33. e5 Qb2+ 34. Kg3 a1=Q 35. Ne7+ Kh8 36. Qxf7 Ra3+ 37. Kg4 Qg1+ 38. Kf5 Qc2+ 39. Ke6 Qxc4+ 40. Kd6 Qxf7 41. e6 Qd4+ 42. Nd5 Ra6+ 43. Kc7 Qxe6 44. Kxd8 Qexd5 45. Kc8 Qxd7+ 46. Kb8 Qb7+ 47. Kxb7 Qd6 48. Kc8 Rc6+ 49. Kb7 Rc7+ 50. Kb8 Qd8# 0-1


[Site "https://www.chess.com"]

[Event "Titled Tuesday Blitz October 31 Early 2023"]
[White "alfianasybullina"]
[Black "tetrix83"]
[WhiteElo "2272"]
[BlackElo "2614"]
[Result "1-0"]
[Round "1"]
[TimeControl "180+1"]
[Date "2023.10.31"]
[WhiteClock "0:00:34"]
[BlackClock "0:00:00"]
[Board "146"]

1. d4 Nf6 2. Nf3 g6 3. Bf4 Bg7 4. Nc3 c5 5. d5 d6 6. h3 O-O 7. e4 Qa5 8. Nd2 a6 9. Nc4 Qd8 10. a4 Nbd7 11. Bd3 Ne8 12. O-O Ne5 13. Nxe5 dxe5 14. Be3 Nd6 15. Bxc5 b6 16. Be3 Qc7 17. Qd2 f5 18. Bh6 f4 19. Bxg7 Kxg7 20. f3 g5 21. b3 h5 22. Nd1 g4 23. fxg4 hxg4 24. hxg4 Rh8 25. Qc3 Qxc3 26. Nxc3 Bxg4 27. Kf2 Rag8 28. Rh1 Kf6 29. Bxa6 Bh5 30. Be2 Bg6 31. Rxh8 Rxh8 32. Bd3 Rc8 33. Nb5 Nxe4+ 34. Bxe4 Bxe4 35. c4 Bc2 36. Na7 Ra8 37. Nc6 Bxb3 38. Rb1 Bxc4 39. Rxb6 Bxd5 40. a5 Bxc6 41. Rxc6+ Kf5 42. a6 Rb8 43. Ke2 1-0


[Site "https://www.chess.com"]

[Event "Titled Tuesday Blitz October 31 Early 2023"]
[White "Prestia, Paris"]
[Black "Vifleemskaia, Svetlana"]
[WhiteFideId "30925959"]
[BlackFideId "4129490"]
[WhiteElo "2612"]
[BlackElo "2270"]
[Result "1/2-1/2"]
[Round "1"]
[TimeControl "180+1"]
[Date "2023.10.31"]
[WhiteClock "0:00:02"]
[BlackClock "0:00:09"]
[Board "147"]

1. c4 c5 2. Nf3 Nf6 3. Nc3 d5 4. cxd5 Nxd5 5. g3 Nc6 6. Bg2 Nc7 7. O-O e5 8. d3 Be7 9. Be3 O-O 10. Rc1 Rb8 11. a3 b6 12. Ne4 f5 13. Nc3 Bf6 14. Qa4 Bd7 15. Rfe1 Kh8 16. Qd1 Nd4 17. b4 Nxf3+ 18. Bxf3 cxb4 19. axb4 Qe7 20. Qb3 Be6 21. Qa4 a6 22. Rc2 f4 23. Bd2 fxg3 24. hxg3 Rfd8 25. Rec1 Nd5 26. Nxd5 Bxd5 27. Rc7 Qe6 28. Bxd5 Qxd5 29. Be3 e4 30. Qxa6 exd3 31. Qxd3 Qxd3 32. exd3 Rxd3 33. Rc8+ Rd8 34. Rxd8+ Bxd8 35. b5 h6 36. Rc6 Kg8 37. Kg2 Kf7 38. Kf3 Rb7 39. Ke4 g6 40. Kd5 h5 41. Rd6 Rb8 42. Kc6 Be7 43. Rd7 Ke6 44. Rb7 Rc8+ 45. Kxb6 Rc2 46. Rb8 g5 47. Rh8 h4 48. gxh4 gxh4 49. Kb7 Kd7 50. b6 Rb2 51. Ka7 Kc6 52. Rh6+ Kd7 53. b7 Ra2+ 54. Ra6 Rxa6+ 55. Kxa6 Bd6 56. f3 h3 57. Bg1 h2 58. Bxh2 Bxh2 59. Ka7 Ke6 60. b8=Q Bxb8+ 61. Kxb8 Kf5 62. Kc7 Kf4 63. Kc8 Kxf3 1/2-1/2


[Site "https://www.chess.com"]

[Event "Titled Tuesday Blitz October 31 Early 2023"]
[White "Ng, Gary"]
[Black "Ahmad, Khagan"]
[WhiteFideId "2604914"]
[BlackFideId "13431552"]
[WhiteElo "2268"]
[BlackElo "2611"]
[Result "0-1"]
[Round "1"]
[TimeControl "180+1"]
[Date "2023.10.31"]
[WhiteClock "0:00:25"]
[BlackClock "0:00:10"]
[Board "148"]

1. Nf3 Nf6 2. c4 e6 3. g3 d5 4. Bg2 Be7 5. O-O O-O 6. b3 c5 7. Bb2 Nc6 8. e3 b6 9. Qc1 Bb7 10. Rd1 d4 11. d3 e5 12. exd4 exd4 13. Nbd2 Nb4 14. Qb1 Qc7 15. a3 Nc6 16. Re1 Rfe8 17. Qc2 Bf8 18. Ng5 Ne5 19. Nge4 Nxe4 20. Nxe4 f5 21. Ng5 Bxg2 22. Kxg2 Qc6+ 23. Kg1 h6 24. f4 Ng4 25. Nh3 Ne3 26. Qf2 b5 27. Re2 bxc4 28. bxc4 Rab8 29. Rae1 Rb3 30. Rd2 Qb7 31. Bc1 Rb1 32. Rde2 Ng4 33. Qf1 Rxe2 34. Qxe2 Qc6 35. Bd2 Rb2 36. Qd1 Ne3 37. Qe2 Bd6 38. Nf2 Qg2# 0-1


[Site "https://www.chess.com"]

[Event "Titled Tuesday Blitz October 31 Early 2023"]
[White "Kim, Sergey"]
[Black "Fominykh, Maria"]
[WhiteFideId "13700570"]
[BlackFideId "4142411"]
[WhiteElo "2611"]
[BlackElo "2267"]
[Result "1/2-1/2"]
[Round "1"]
[TimeControl "180+1"]
[Date "2023.10.31"]
[WhiteClock "0:00:14"]
[BlackClock "0:00:10"]
[Board "149"]

1. d4 Nf6 2. c4 g6 3. Nc3 Bg7 4. e4 O-O 5. Nge2 d6 6. Ng3 e5 7. d5 a5 8. Be2 Na6 9. O-O c6 10. Be3 cxd5 11. cxd5 Bd7 12. h3 h5 13. Qd2 h4 14. Nh1 Nh7 15. f4 exf4 16. Rxf4 Be5 17. Rf2 Nc5 18. Raf1 f5 19. exf5 Bxf5 20. Bc4 Bxc3 21. Qxc3 Ne4 22. Qb3 Nxf2 23. Nxf2 Rf7 24. Bd4 Qg5 25. Be2 Re8 26. Bf3 Qg3 27. Qc3 Ng5 28. Bd1 Ne4 29. Nxe4 Bxe4 30. Qxg3 Rxf1+ 31. Kxf1 hxg3 32. Bc3 Bxd5 33. a3 Bc4+ 34. Kg1 b6 35. Bf3 Kf7 36. h4 d5 37. h5 d4 38. Bd2 gxh5 39. Bxh5+ Ke7 40. Bxe8 Kxe8 41. Bf4 d3 42. Bd2 Ke7 43. Kf1 Kd6 44. Ke1 Bd5 45. Bf4+ Kc5 46. Kd2 Kc4 47. Bxg3 Bxg2 48. Bc7 Kb5 49. Kxd3 Bf1+ 50. Kc3 Bg2 51. b4 axb4+ 52. axb4 Kc6 53. Be5 b5 54. Bd4 Bd5 55. Bc5 Bc4 56. Kd4 Bd5 57. Kc3 Bc4 58. Kd4 Bd5 59. Kc3 1/2-1/2


[Site "https://www.chess.com"]

[Event "Titled Tuesday Blitz October 31 Early 2023"]
[White "hsd2016"]
[Black "Ibadov, Dashgyn"]
[BlackFideId "24107514"]
[WhiteElo "2259"]
[BlackElo "2609"]
[Result "1-0"]
[Round "1"]
[TimeControl "180+1"]
[Date "2023.10.31"]
[WhiteClock "0:02:36"]
[BlackClock "0:02:26"]
[Board "150"]

1. e4 e6 2. d4 d5 3. exd5 exd5 4. Nf3 Bd6 5. Bd3 Ne7 6. h3 O-O 7. O-O Bf5 8. c3 Nbc6 9. Bg5 f6 10. Be3 Qd7 11. Re1 Rae8 12. Qc2 Bxd3 13. Qxd3 Nf5 14. Nbd2 Nxe3 15. Rxe3 Rxe3 16. Qxe3 Re8 17. Qd3 1-0


[Site "https://www.chess.com"]

[Event "Titled Tuesday Blitz October 31 Early 2023"]
[White "JuniorJumper"]
[Black "Hon, Eric"]
[BlackFideId "2097117"]
[WhiteElo "2608"]
[BlackElo "2256"]
[Result "1-0"]
[Round "1"]
[TimeControl "180+1"]
[Date "2023.10.31"]
[WhiteClock "0:00:19"]
[BlackClock "0:00:21"]
[Board "151"]

1. d4 Nf6 2. Bf4 c5 3. d5 g6 4. Nc3 Bg7 5. e4 d6 6. h3 O-O 7. Nf3 Qa5 8. Qd2 Qb4 9. Bd3 Nh5 10. O-O Nxf4 11. Qxf4 Qxb2 12. Nb5 Na6 13. c3 e5 14. Qe3 f5 15. Rfb1 f4 16. Qe1 Qxa1 17. Rxa1 Rd8 18. a4 b6 19. Ng5 1-0


[Site "https://www.chess.com"]

[Event "Titled Tuesday Blitz October 31 Early 2023"]
[White "Zaichenko, Daria"]
[Black "ArtemDyachuk"]
[WhiteFideId "4197453"]
[WhiteElo "2253"]
[BlackElo "2607"]
[Result "0-1"]
[Round "1"]
[TimeControl "180+1"]
[Date "2023.10.31"]
[WhiteClock "0:00:36"]
[BlackClock "0:01:42"]
[Board "152"]

1. e4 c5 2. Nf3 d6 3. d4 cxd4 4. Nxd4 Nf6 5. Nc3 Nc6 6. Bc4 e6 7. a4 a6 8. Nb3 Bd7 9. O-O Be7 10. a5 O-O 11. Be3 Rc8 12. Be2 Qc7 13. Bb6 Qb8 14. f4 Nb4 15. e5 dxe5 16. fxe5 Qxe5 17. Rxf6 Bxf6 18. Qxd7 Rxc3 19. bxc3 Qxe2 20. Bc5 Nd5 21. Bxf8 Ne3 22. Qxb7 Nd1 23. Qa8 Qe1# 0-1


[Site "https://www.chess.com"]

[Event "Titled Tuesday Blitz October 31 Early 2023"]
[White "Dixit, Nikhil"]
[Black "De Souza, Cristiano Gomes"]
[WhiteFideId "5059534"]
[BlackFideId "2151758"]
[WhiteElo "2607"]
[BlackElo "2251"]
[Result "1-0"]
[Round "1"]
[TimeControl "180+1"]
[Date "2023.10.31"]
[WhiteClock "0:01:22"]
[BlackClock "0:00:19"]
[Board "153"]

1. e4 c5 2. Nf3 d6 3. c3 Nf6 4. Be2 Bd7 5. e5 dxe5 6. Nxe5 Nc6 7. Nxd7 Qxd7 8. O-O e5 9. a4 Bd6 10. Na3 O-O 11. Nc4 Bc7 12. d3 Rfe8 13. a5 b5 14. axb6 axb6 15. Rxa8 Rxa8 16. Bf3 Re8 17. Qe2 h6 18. Be3 b5 19. Nd2 Bd6 20. Ne4 Nxe4 21. dxe4 b4 22. Rd1 Qc7 23. g3 Rd8 24. Qc4 bxc3 25. bxc3 Ne7 26. Kg2 Ng6 27. h4 Kh7 28. Bg4 Qe7 29. Bf5 Kh8 30. Rd5 Nf8 31. h5 Ne6 32. Qd3 Kg8 33. Qe2 Nc7 34. Rd1 Ne6 35. Qg4 Qf6 36. Bxe6 fxe6 37. Qe2 Qe7 38. Rd2 Bc7 39. Rxd8+ Bxd8 40. Qc4 Bb6 41. Qb5 Qd6 42. Qe8+ Kh7 43. Qg6+ Kg8 44. Bxh6 Qe7 45. Bg5 Qf7 46. Qxf7+ Kxf7 47. Be3 g6 48. h6 Kg8 49. Kf3 Kh7 50. Ke2 Bd8 51. Kd3 g5 52. Kc4 Kxh6 53. Kxc5 Kh5 54. Kd6 Kg4 55. c4 Kf3 56. c5 Kxe4 57. c6 g4 58. c7 Bxc7+ 59. Kxc7 Kf3 60. Kd7 e4 61. Kxe6 1-0


[Site "https://www.chess.com"]

[Event "Titled Tuesday Blitz October 31 Early 2023"]
[White "Dodaro, Mattia"]
[Black "FoxOnTheRun97"]
[WhiteFideId "28583400"]
[WhiteElo "2251"]
[BlackElo "2606"]
[Result "0-1"]
[Round "1"]
[TimeControl "180+1"]
[Date "2023.10.31"]
[WhiteClock "0:00:03"]
[BlackClock "0:00:07"]
[Board "154"]

1. Nf3 Nf6 2. c4 e6 3. g3 d5 4. Bg2 Be7 5. O-O O-O 6. e3 b6 7. b3 Bb7 8. Bb2 dxc4 9. bxc4 c5 10. Qe2 Nc6 11. d4 cxd4 12. exd4 Rc8 13. Rd1 Na5 14. Nbd2 Ba6 15. Rac1 Qc7 16. Ne5 Nd7 17. Nxd7 Qxd7 18. Qg4 f5 19. Qe2 Bb4 20. d5 exd5 21. Qe5 dxc4 22. Nxc4 Qe7 23. Qd5+ Kh8 24. Nxa5 bxa5 25. Rxc8 Bxc8 26. Be5 Be6 27. Qd4 Bxa2 28. h4 Bb3 29. Rb1 Be6 30. h5 h6 31. Qe3 Kh7 32. Bf1 Bc5 33. Qf4 a4 34. Bg2 a3 35. Rb7 Qxb7 36. Bxb7 a2 37. Kg2 Be7 38. Bb2 Bf6 39. Bxf6 Rxf6 40. Qe5 Rf7 41. Bf3 Bc4 42. Bd1 Rd7 43. Bc2 Kg8 44. Bxf5 Bd5+ 45. Kh2 Rd8 46. Be6+ Bxe6 47. Qxe6+ Kh8 48. Qxa2 Rd7 49. Qe6 Rc7 50. Qd6 Rf7 51. Kg2 Kh7 52. Qg6+ Kg8 53. Qe6 Kf8 54. Qc8+ Ke7 55. Qb8 Kf6 56. Qb5 Re7 57. Qa6+ Kf7 58. Qg6+ Kf8 59. Kf3 Rf7+ 60. Ke4 Rf6 61. Qh7 a6 62. f4 Kf7 63. Qh8 Re6+ 64. Kf5 Re8 65. Kg4 Rxh8 66. Kf5 Re8 0-1


[Site "https://www.chess.com"]

[Event "Titled Tuesday Blitz October 31 Early 2023"]
[White "Leyva Proenza, Richard"]
[Black "Akylbek2021"]
[WhiteFideId "3500985"]
[WhiteElo "2605"]
[BlackElo "2249"]
[Result "1-0"]
[Round "1"]
[TimeControl "180+1"]
[Date "2023.10.31"]
[WhiteClock "0:01:34"]
[BlackClock "0:00:00"]
[Board "155"]

1. e4 e5 2. d4 exd4 3. Qxd4 Nc6 4. Qe3 g6 5. Nc3 Bg7 6. Bc4 Nf6 7. e5 Ng8 8. Bd2 Nge7 9. f4 O-O 10. O-O-O a6 11. Nf3 b5 12. Bb3 Rb8 13. h4 a5 14. a4 bxa4 15. Nxa4 Nb4 16. Bc3 Ba6 17. h5 c6 18. hxg6 hxg6 19. Ng5 Nbd5 20. Rh8+ Bxh8 21. Qh3 1-0


[Site "https://www.chess.com"]

[Event "Titled Tuesday Blitz October 31 Early 2023"]
[White "Ruge, Edison"]
[Black "Ergali_Suleimen"]
[WhiteFideId "4401000"]
[WhiteElo "2246"]
[BlackElo "2604"]
[Result "0-1"]
[Round "1"]
[TimeControl "180+1"]
[Date "2023.10.31"]
[WhiteClock "0:00:00"]
[BlackClock "0:00:21"]
[Board "156"]

1. e4 c5 2. Nf3 Nc6 3. d3 g6 4. Nbd2 Bg7 5. g3 e6 6. Bg2 Nge7 7. h4 h6 8. h5 g5 9. O-O O-O 10. Nh2 f5 11. c3 d5 12. Qe2 Kh8 13. f4 g4 14. e5 Qe8 15. Nb3 b6 16. c4 d4 17. Kf2 Qxh5 18. Rh1 Qg6 19. Nf1 Bb7 20. a3 a5 21. Bd2 a4 22. Nc1 Na5 23. Bxb7 Nxb7 24. Rh4 Qe8 25. Na2 Qc6 26. Nh2 Na5 27. Bxa5 Rxa5 28. Rg1 b5 29. Nf1 bxc4 30. dxc4 Ra7 31. Nc1 Rb7 32. Nd3 Nc8 33. Rgh1 Nb6 34. Nd2 Kh7 35. Kf1 Nc8 36. Qh2 Kg8 37. Rxh6 Bxh6 38. Qxh6 Rg7 39. Rh5 Ne7 40. Rg5 Rf7 41. Rh5 Rh7 42. Qg5+ Rfg7 43. Qh4 Rxh5 44. Qxh5 Rh7 45. Qg5+ Kf7 46. Nf2 Rg7 47. Qf6+ Kg8 48. Qh6 Qb6 49. Nd3 Qc6 50. Nf2 Rg6 51. Qh4 Kf7 52. Qh7+ Ke8 53. Qh5 Kd7 54. Qh8 Rg8 55. Qh7 Qa8 56. Nd3 Qc8 57. Qf7 Rf8 58. Qh7 Rh8 59. Qg6 Rh1+ 0-1


[Site "https://www.chess.com"]

[Event "Titled Tuesday Blitz October 31 Early 2023"]
[White "Ginzburg, Yakov"]
[Black "Cueto, Jonny"]
[WhiteFideId "4157176"]
[BlackFideId "3300145"]
[WhiteElo "2600"]
[BlackElo "2244"]
[Result "1-0"]
[Round "1"]
[TimeControl "180+1"]
[Date "2023.10.31"]
[WhiteClock "0:00:09"]
[BlackClock "0:00:00"]
[Board "157"]

1. e4 e6 2. d4 d5 3. e5 c5 4. Qg4 cxd4 5. Bd3 Nc6 6. Nf3 f5 7. Qg3 Nb4 8. Nxd4 Nxd3+ 9. cxd3 Qb6 10. Nb3 a5 11. O-O Ne7 12. Be3 Qc7 13. Nc3 Nc6 14. Nb5 Qf7 15. Rac1 h6 16. h4 g5 17. Bc5 a4 18. Bxf8 Kxf8 19. Nc5 gxh4 20. Qxh4 Ra5 21. Nd6 Qe7 22. Qf4 Kg7 23. d4 Rg8 24. Rc3 Kh7 25. Rh3 Qg7 26. Rg3 Qh8 27. Re1 b6 28. Nd3 Ba6 29. Ree3 1-0


[Site "https://www.chess.com"]

[Event "Titled Tuesday Blitz October 31 Early 2023"]
[White "parintele_chess"]
[Black "Karamsetty, Jeevan"]
[BlackFideId "2025337"]
[WhiteElo "2241"]
[BlackElo "2599"]
[Result "0-1"]
[Round "1"]
[TimeControl "180+1"]
[Date "2023.10.31"]
[WhiteClock "0:00:00"]
[BlackClock "0:00:37"]
[Board "158"]

1. d4 d6 2. c4 g6 3. Nc3 Bg7 4. e4 e5 5. d5 a5 6. Be2 Na6 7. Be3 Bd7 8. a3 Ne7 9. Nf3 O-O 10. O-O f5 11. Bg5 h6 12. Bxe7 Qxe7 13. Nd2 f4 14. Bg4 Kh7 15. Bxd7 Qxd7 16. Qf3 g5 17. h3 Kg6 18. Qg4 Qxg4 19. hxg4 Rh8 20. Nb5 h5 21. gxh5+ Rxh5 22. f3 Bf8 23. Kf2 c6 24. Nc3 Nc5 25. Ke2 Be7 26. b4 Nd7 27. Rh1 Rxh1 28. Rxh1 axb4 29. axb4 Ra3 30. Rc1 Bd8 31. b5 cxd5 32. Nxd5 Nc5 33. Rc3 Ra2 34. Nb4 Rb2 35. Nd3 Ra2 36. Nxc5 dxc5 37. Rd3 Ba5 38. Kd1 Kh5 39. Nb3 Bb4 0-1


[Site "https://www.chess.com"]

[Event "Titled Tuesday Blitz October 31 Early 2023"]
[White "Bodnaruk, Anastasia"]
[Black "Topalov, Aleksandar"]
[WhiteFideId "4181751"]
[BlackFideId "925659"]
[WhiteElo "2599"]
[BlackElo "2230"]
[Result "1-0"]
[Round "1"]
[TimeControl "180+1"]
[Date "2023.10.31"]
[WhiteClock "0:01:19"]
[BlackClock "0:00:01"]
[Board "159"]

1. e4 e6 2. d4 d5 3. Nc3 Bb4 4. e5 Qd7 5. h4 h5 6. Nf3 b6 7. Bd3 Ba6 8. O-O Bxd3 9. Qxd3 Nh6 10. Bxh6 Rxh6 11. Ne2 Be7 12. c4 c6 13. Rac1 a5 14. Nf4 Na6 15. cxd5 cxd5 16. Rc3 Nb4 17. Qb1 Rc8 18. Rfc1 Rc6 19. a3 Rxc3 20. bxc3 Nc6 21. Qxb6 Bxa3 22. Rb1 Be7 23. Nd3 f6 24. Nc5 Bxc5 25. Qxc5 fxe5 26. Rb6 Ne7 27. Rb8+ 1-0


[Site "https://www.chess.com"]

[Event "Titled Tuesday Blitz October 31 Early 2023"]
[White "Kiseleva, Arina"]
[Black "NelsonLinda"]
[WhiteFideId "4164989"]
[WhiteElo "2229"]
[BlackElo "2597"]
[Result "0-1"]
[Round "1"]
[TimeControl "180+1"]
[Date "2023.10.31"]
[WhiteClock "0:00:00"]
[BlackClock "0:00:06"]
[Board "160"]

1. d4 Nf6 2. Nf3 c5 3. e3 b6 4. Bd3 Bb7 5. Nbd2 g6 6. O-O Bg7 7. c3 O-O 8. e4 cxd4 9. cxd4 d6 10. Re1 Nc6 11. Nb3 Nd7 12. Be3 e5 13. a3 exd4 14. Nbxd4 Nce5 15. Nxe5 Nxe5 16. Bc2 d5 17. f4 Nc4 18. e5 Nxb2 19. Qg4 Nc4 20. f5 Nxe5 21. Qg3 Nc4 22. Bg5 Bxd4+ 23. Kh1 Qd6 24. Bf4 Qf6 25. Bg5 Qg7 26. Qh4 Bxa1 27. f6 Rfe8 28. fxg7 Bxg7 29. h3 Nxa3 30. Ba4 b5 31. Bb3 Nc4 32. Rxe8+ Rxe8 33. Bf6 Re4 34. Qf2 Bf8 35. Bc3 a5 36. Qf6 d4 37. Bxc4 bxc4 38. Bxd4 Rxd4 39. Qxd4 a4 40. Qxc4 a3 41. Qb3 Bc8 42. Qa4 Be6 43. Kh2 a2 44. g3 h5 45. h4 Bg7 46. Qa8+ Kh7 47. g4 hxg4 48. h5 a1=Q 49. hxg6+ Kxg6 0-1


[Site "https://www.chess.com"]